 Dungeon Crawl Stone Soup version 0.31-a0-229-g1fc7ce93e2 (webtiles) character file.

Game seed: 1179885011604772929

53 qw the Shooter (level 3, -6/29 HPs)
             Began as a Minotaur Hexslinger on July 6, 2023.
             Mangled by Terence
             ... wielding a +0 short sword
              (7 damage)
             ... on level 2 of the Dungeon.
             The game lasted 00:00:28 (1041 turns).

qw the Shooter (Minotaur Hexslinger)                Turns: 1041, Time: 00:00:29

Health: -6/29      AC:  3    Str: 12    XL:     3   Next: 62%
Magic:  3/3        EV: 12    Int: 10    God:
Gold:   42         SH:  0    Dex: 14    Spells: 3/4 levels left

rFire   . . .        Y - +1 sling
rCold   . . .        (no shield)
rNeg    . . .        i - +0 leather armour
rPois   .            (helmet restricted)
rElec   .            (no cloak)
rCorr   .            (no gloves)
SInv    .            (no boots)
Will    .....        (no amulet)
Stlth   +            (no ring)
HPRegen 0.24/turn    (no ring)
MPRegen 0.08/turn

%: no passive effects
@: no status effects
A: horns 2, retaliatory headbutt
a: no special abilities


You were on level 2 of the Dungeon.
You visited 1 branch of the dungeon, and saw 2 of its levels.

You collected 42 gold pieces.


Innate Abilities, Weirdness & Mutations

You have a pair of horns on your head.
You reflexively headbutt those who attack you in melee.


   Skills:
 - Level 2.0 Fighting
 + Level 4.2 Ranged Weapons
 - Level 2.1 Dodging
 - Level 1.0 Spellcasting
 - Level 2.0 Hexes


You had 3 spell levels left.
You knew the following spells:

 Your Spells              Type           Power      Damage    Failure   Level
a - Slow                  Hex            16%        N/A       19%         1

Your spell library contained the following spells:

 Spells                   Type           Power      Damage    Failure   Level
 Inner Flame              Hex/Fire       2%         N/A       65%         3
 Portal Projectile        Hex/Tloc       4%         N/A       65%         3
 Cause Fear               Hex            2%         N/A       88%         4

Inventory:

Hand Weapons
 Y - a +1 sling (weapon)
Armour
 i - a +0 leather armour (worn)
Scrolls
 b - a scroll of noise {unknown}
 c - a scroll of enchant armour {unknown}
Potions
 a - 3 potions of curing {unknown}
 d - a potion of ambrosia {unknown}
 e - a potion of enlightenment
 g - a potion of degeneration {unknown}
 h - a potion of attraction {unknown}

Dungeon Overview and Level Annotations

Branches:
Dungeon (2/15)

Altars:

Annotations:
D:2 Terence


Message History

The frilled lizard bites you. Terence hits you with a +0 short sword!
You shoot a sling bullet.
The sling bullet hits Terence but does no damage.
Terence is lightly wounded.
Terence barely misses you. The frilled lizard barely misses you.
You shoot a sling bullet. The sling bullet barely misses Terence.
Terence barely misses you. The frilled lizard bites you.
Terence closely misses you.
The frilled lizard bites you but does no damage.
You shoot a sling bullet.
The sling bullet completely misses Terence.
The frilled lizard bites you. Terence hits you with a +0 short sword.
You shoot a sling bullet. The sling bullet barely misses Terence.
The frilled lizard barely misses you. Terence barely misses you.
You furiously retaliate!
You headbutt Terence. You shoot a sling bullet.
The sling bullet closely misses Terence.
Terence hits you but does no damage. The frilled lizard closely misses you.
You shoot a sling bullet. The sling bullet hits Terence.
Terence is heavily wounded.
Terence closely misses you. The frilled lizard barely misses you.
You furiously retaliate!
You headbutt the frilled lizard.
You kill the frilled lizard!
Terence closely misses you.
You shoot a sling bullet.
The sling bullet hits Terence but does no damage.
Terence is heavily wounded.
Terence hits you with a +0 short sword.
You shoot a sling bullet.
The sling bullet hits Terence but does no damage.
Terence is heavily wounded.
Terence closely misses you.
You shoot a sling bullet.
The sling bullet hits Terence but does no damage.
Terence is heavily wounded.
Terence misses you. You furiously retaliate!
You headbutt Terence. You shoot a sling bullet. The sling bullet hits Terence.
Terence is heavily wounded.
Terence hits you with a +0 short sword!
You die...

##### #...######
#........# #######
#........#######......
#..............'......
#...####+#######......
#............ #......
####.@....?.. #[.....
#.@...?... #......
#......... #......
#......... #......
#......... #......
#......... #......
#......... #......
#...###############
.#########...###..


You could see Terence.

Vanquished Creatures
  An adder (D:2)
  7 endoplasms
  2 hobgoblins (D:1)
  4 jackals (D:2)
  3 quokkas
  6 ball pythons
  6 bats
  3 frilled lizards
  A goblin (D:1)
  4 kobolds (D:1)
  2 rats (D:1)
39 creatures vanquished.

Notes
Turn   | Place    | Note
-------+----------+-------------------------------------------
     0 | D:1      | qw the Minotaur Hexslinger began the quest for the Orb.
     0 | D:1      | Reached XP level 1. HP: 16/16 MP: 1/1
     0 | D:1      | 0 ||| qw: Version: 0.3-a-46-gb1f654a
     0 | D:1      | 0 ||| qw: Game counter: 1617
     0 | D:1      | 0 ||| qw: Melee chars always use a shield: true
     0 | D:1      | 0 ||| qw: God list: Okawaru
     0 | D:1      | 0 ||| qw: Allow faded altars: false
     0 | D:1      | 0 ||| qw: Do Orc after clearing Dungeon:15 true
     0 | D:1      | 0 ||| qw: Do second Lair branch before Depths: true
     0 | D:1      | 0 ||| qw: Lair rune preference: random
     0 | D:1      | 0 ||| qw: Goals: Normal
     0 | D:1      | 0 ||| PLANNING D:1-11
    31 | D:1      | You fall into a shaft and drop 1 floor!
    90 | D:2      | 90 ||| Stepping ~*~*~tactically~*~*~ (outnumbered).
   115 | D:2      | 115 ||| DRINKING 2 cyan potions.
   116 | D:2      | 116 ||| DROPPING scroll of poison.
   143 | D:1      | Reached skill level 3 in Ranged Weapons
   143 | D:1      | Reached XP level 2. HP: 23/23 MP: 2/2
   572 | D:1      | Reached XP level 3. HP: 29/29 MP: 3/3
   716 | D:1      | 716 ||| UPGRADING to +0 leather armour.
   726 | D:1      | 726 ||| DROPPING +0 robe.
   727 | D:1      | 727 ||| READING scroll labelled GITONA NOTHEHU.
   728 | D:1      | 728 ||| READING scroll labelled NOSAZA UROTIDI.
   729 | D:1      | 729 ||| READING scroll labelled DOFIUR HAZOST.
   974 | D:2      | Reached skill level 4 in Ranged Weapons
  1019 | D:2      | Noticed Terence
  1031 | D:2      | HP: 5/29 [Terence/+0 short sword (7)]
  1038 | D:2      | HP: 1/29 [Terence/+0 short sword (4)]
  1041 | D:2      | Mangled by Terence

Levels and vault maps discovered:
D:1:      elethiomel_arrival_quiet, layout_loops_ring,
          corexii_item_surrounded_by_moat
D:2:      layout_basic, uniq_terence

Skill      XL: |  1  2  3 |
---------------+----------+-----
Ranged Weapons | 3 4 |  4.2
Fighting       | 2 |  2.0
Dodging        | |  2.1
Spellcasting   | |  1.0
Hexes          | |  2.0

Action                     || total
---------------------------++-------
   Fire: Sling             ||   118
    Use: Potion            ||     1
         Scroll            ||     3
 Armour: Robe              ||     2
         Leather armour    ||     9
  Dodge: Dodged            ||    60

Table legend:
 A = Non-vault XP
 B = Vault XP
 C = Vault XP percentage of total XP
 D = Non-vault monster count
 E = Vault monster count
 F = Vault count percentage of total count
                 A         B        C        D         E       F
            +---------+---------+-------+---------+---------+-------
      Total |      76 |       0 |   0.0 |      39 |       0 |   0.0
            +---------+---------+-------+---------+---------+-------
        D:1 |      34 |       0 |   0.0 |      21 |       0 |   0.0
        D:2 |      42 |       0 |   0.0 |      18 |       0 |   0.0
            +---------+---------+-------+---------+---------+-------
